 Dungeon Crawl Stone Soup version 0.29-a0-1065-g47a6bb87d6 (webtiles) character file.

Game seed: 6953136810386149419

206 SensoryNuts the Insei (level 5, 0/38 HPs)
             Began as a Vampire Gladiator on Aug 18, 2022.
             Slain by ytrimaz's ghost (8 damage)
             ... on level 3 of the Dungeon.
             The game lasted 00:03:30 (2757 turns).

SensoryNuts the Insei (Vampire Gladiator)           Turns: 2757, Time: 00:03:30

Health: 0/38       AC:  4    Str: 14    XL:     5   Next: 53%
Magic:  5/5        EV: 12    Int: 14    God:
Gold:   200        SH: 10    Dex: 15    Spells: 4/4 levels left

rFire   . . .      SeeInvis +     - Unarmed
rCold   . . .      Faith    .   l - +2 buckler
rNeg    . . .      Spirit   .   a - +0 leather armour
rPois   .          Reflect  .   b - +0 helmet
rElec   .          Harm     .   (no cloak)
rCorr   .          Rampage  .   (no gloves)
Will    .....                   (no boots)
Stlth   ++........              (no amulet)
HPRegen 0.32/turn               (no ring)
MPRegen 0.09/turn               (no ring)

@: healing quickly
A: alive, fangs 3, see invisible, vampiric 2, large bone plates 1, clever 1
a: Exsanguinate


You were on level 3 of the Dungeon.
You visited 1 branch of the dungeon, and saw 3 of its levels.

You collected 200 gold pieces.

Inventory:

Missiles
 c - 3 throwing nets (quivered)
 d - a javelin
Armour
 a - a +0 leather armour (worn)
 b - a +0 helmet (worn)
 l - a +2 buckler (worn)
 o - a +0 pair of gloves
Scrolls
 e - 2 scrolls of teleportation
 f - a scroll of vulnerability {unknown}
 h - 2 scrolls of fear
Potions
 g - a potion of mutation


   Skills:
 + Level 2.0 Fighting
 + Level 1.6 Throwing
 + Level 1.5 Armour
 + Level 3.9 Dodging
 + Level 2.9 Stealth
 + Level 1.0 Shields
 + Level 5.1 Unarmed Combat


You had 4 spell levels left.
You didn't know any spells.
Your spell library contained the following spells:

 Spells                   Type           Power      Damage    Failure   Level
 Shock                    Conj/Air       0%         1d3       43%         1
 Blink                    Tloc           0%         N/A       58%         2
 Lesser Beckoning         Tloc           0%         N/A       82%         3
 Portal Projectile        Hex/Tloc       0%         N/A       82%         3
 Swiftness                Air            0%         N/A       82%         3
 Tukima's Dance           Hex            0%         N/A       82%         3
 Airstrike                Air            0%         2d(0-16)  99%         4
 Blade Hands              Tmut           0%         N/A       100%        5
 Manifold Assault         Tloc           0%         N/A       100%        5


Dungeon Overview and Level Annotations

Branches:
Dungeon (3/15)

Altars:

Shops:
D:2 (

Annotations:
D:3 ytrimaz's ghost, amateur DsTm


Innate Abilities, Weirdness & Mutations

Your natural rate of healing is accelerated.
You have razor-sharp teeth.
You have supernaturally acute eyesight. (SInv)
You are afflicted with vampirism and can become a bat while bloodless.
You are partially covered in large bone plates. (SH +4)
Your mind is acute. (Int +4, Str/Dex -1)


Message History

[Y]es or [N]o only, please.
You can't see any enemies this would affect, really read the scroll of fear? [Y]es or [N]o only, please.
You can't see any enemies this would affect, really read the scroll of fear? [Y]es or [N]o only, please.
You can't see any enemies this would affect, really read the scroll of fear? [Y]es or [N]o only, please.
You can't see any enemies this would affect, really read the scroll of fear? [Y]es or [N]o only, please.
You can't see any enemies this would affect, really read the scroll of fear?
As you read the scroll of fear, it crumbles to dust.
You assume a fearsome visage.
Ytrimaz's ghost is unaffected.
Ytrimaz's ghost closely misses you.
You barely miss ytrimaz's ghost.
Ytrimaz's ghost is heavily damaged.
You block ytrimaz's ghost's attack.
You closely miss ytrimaz's ghost.
Ytrimaz's ghost is heavily damaged.
Ytrimaz's ghost hits you.
You miss ytrimaz's ghost. You bite ytrimaz's ghost.
Ytrimaz's ghost is heavily damaged.
Ytrimaz's ghost hits you.
* * * LOW HITPOINT WARNING * * *
You hit ytrimaz's ghost but do no damage.
Ytrimaz's ghost is heavily damaged.
Ytrimaz's ghost closely misses you.
You hit ytrimaz's ghost.
Ytrimaz's ghost is severely damaged.
Ytrimaz's ghost barely misses you.
You barely miss ytrimaz's ghost.
Ytrimaz's ghost is severely damaged.
You block ytrimaz's ghost's attack.
You hit ytrimaz's ghost.
Ytrimaz's ghost is almost destroyed.
Ytrimaz's ghost hits you.
* * * LOW HITPOINT WARNING * * *
You hit ytrimaz's ghost.
Ytrimaz's ghost is almost destroyed.
Ytrimaz's ghost hits you!
You die...

..######.....###.#......######.##
..#...........##............#....
..#.#####...............###.###..
..#.# ##..........###...#....##.#
..#.###...###......##...#....##.#
..#......##⌠##......#...#...)##.#
####....##...##...#.#...#.#####.#
####...##..!..##..#..............
.......#⌠..♣...W@.##.............
.......##..?..##..###............
........##...##...###............
...#.....##⌠##.........).........
.#.#......###...#####.........)..
.#.#^...........#.......>......#.
.#.#..........#.#.#...#.######.#.
.#<#..........#.#.#....<.....#.#.
...#............#.##########.#.#.


You could see ytrimaz's ghost.

Vanquished Creatures
  A kobold brigand (D:3)
  Terence (D:3)
  3 adders (D:2)
  4 worms
  2 dart slugs
  An orc (D:3)
  4 ball pythons
  2 bats
  5 endoplasms
  2 giant cockroaches
  4 goblins
  7 hobgoblins
  4 jackals (D:1)
  13 kobolds
  2 quokkas
  4 frilled lizards
  8 rats
67 creatures vanquished.

Vanquished Creatures (others)
  4 fungi (D:2)
  2 plants (D:2)
6 creatures vanquished.

Grand Total: 73 creatures vanquished

Notes
Turn   | Place    | Note
-------+----------+-------------------------------------------
     0 | D:1      | SensoryNuts the Vampire Gladiator began the quest for the
                  | Orb.
     0 | D:1      | Reached XP level 1. HP: 16/16 MP: 1/1
    95 | D:1      | Reached XP level 2. HP: 14/22 MP: 2/2
   205 | D:1      | Reached skill level 1 in Stealth
   701 | D:1      | Gained mutation: Your mind is acute. (Int +4, Str/Dex -1)
                  | [potion of mutation]
   701 | D:1      | Gained mutation: You are partially covered in large bone
                  | plates. (SH +4) [potion of mutation]
   765 | D:2      | Reached skill level 4 in Unarmed Combat
   765 | D:2      | Gained mutation: You are afflicted with vampirism and can
                  | become a bat while bloodless. [Vampire growth]
   765 | D:2      | Reached XP level 3. HP: 27/27 MP: 3/3
  1063 | D:2      | You fall into a shaft and drop 1 floor!
  1094 | D:3      | Reached XP level 4. HP: 33/33 MP: 4/4
  1186 | D:3      | Reached skill level 1 in Armour
  1202 | D:3      | Found a runed translucent door.
  1202 | D:3      | Noticed ytrimaz's ghost (amateur DsTm)
  1609 | D:2      | Found Loezemyl's Weapon Emporium.
  1629 | D:2      | Found a faded altar of an unknown god.
  2158 | D:3      | Noticed Terence
  2181 | D:3      | Killed Terence
  2385 | D:3      | Noticed a kobold brigand
  2418 | D:3      | Killed a kobold brigand
  2419 | D:3      | Reached skill level 1 in Shields
  2419 | D:3      | Reached skill level 5 in Unarmed Combat
  2419 | D:3      | Reached XP level 5. HP: 24/38 MP: 5/5
  2757 | D:3      | Slain by ytrimaz's ghost

Illustrated notes

Levels and vault maps discovered:
D:1:      eino_arrival_water_star, layout_loops_ring,
          chequers_serial_rivers_room_a
D:2:      layout_basic, dreamdust_ecumenical_altar_grove, serial_shops,
          nicolae_shop_behind_doors, minmay_surrounded
D:3:      cheibrodos_thug_alley, layout_basic, hellmonk_ghost_happy_afterlife,
          minmay_misc_feat_columns, uniq_terence

Skill      XL: |  1  2  3  4 |
---------------+-------------+-----
Stealth        | 1 2 |  2.9
Fighting       | 2 |  2.0
Unarmed Combat | 4 5 |  5.1
Armour         | 1 |  1.5
Shields        | 1 |  1.0
Throwing       | |  1.6
Dodging        | |  3.9

Action                   |  1- 3 |  4- 6 || total
-------------------------+-------+-------++-------
Melee: Unarmed           |   125 |   153 ||   278
       Bite              |    17 |    16 ||    33
       Punch             |     1 |       ||     1
  Use: Scroll            |     4 |     4 ||     8
       Potion            |     2 |     4 ||     6
 Stab: Sleeping          |     7 |     2 ||     9
Armor: Leather armour    |    24 |    12 ||    36
Dodge: Dodged            |    53 |    46 ||    99
Block: Buckler           |    22 |    53 ||    75

Table legend: (Time is in decaauts)
 A = Elapsed time spent in this place.
 B = Non-inter-level travel time spent in this place.
 C = Inter-level travel time spent in this place.
 D = Time resting spent in this place.
 E = Time spent auto-exploring this place.
 F = Levels seen in this place.
 G = Mean time per level.
                   A        B        C        D        E       F      G
               +--------+--------+--------+--------+--------+-----+--------+
         Total |   2749 |   2694 |     55 |    222 |   1887 |   3 |  916.3 |
       Dungeon |   2749 |   2694 |     55 |    222 |   1887 |   3 |  916.3 |
               +--------+--------+--------+--------+--------+-----+--------+

Top non-repeatable levels by time:
     D:3: 1141 daAuts
     D:2: 883 daAuts
     D:1: 724 daAuts
